 Dungeon Sprint DCSS version 0.25.1-9-gc5326a611f (webtiles) character file.

Game seed: 16354371695618890296

23304 howech the Victor of a Thousand Battles (level 13, -7/107 (108) HPs)
             Began as a Gnoll Fire Elementalist on Dec 30, 2020.
             Was the Champion of Okawaru.
             Mangled by a vampire knight
             ... wielding a +0 great sword
              (8 damage)
             ... while paralysed by a vampire knight
             ... in the Dungeon (Sprint V: "Ziggurat Sprint").
             The game lasted 00:14:13 (1617 turns).

howech the Victor of a Thousand Battles (GnFE)      Turns: 1617, Time: 00:14:13

HP:   -7/107 (108)  AC: 23    Str: 13    XL:     13   Next: 5%
MP:   30/30         EV:  2    Int: 31    God:    Okawaru [******]
Gold: 0             SH:  0    Dex: 21    Spells: 16/38 levels left

rFire    + + +     SeeInvis .   a - +7 Screaming Sword {vorpal, sonic wave}
rCold    . . .     Gourm    .   k - +18 shield of the Gong {rElec rN+ MR+ EV-5}
rNeg     + + .     Faith    .   b - +5 fire dragon scales
rPois    .         Spirit   .   (no helmet)
rElec    +         Reflect  .   N - scarf {rC+ rF+}
rCorr    +         Harm     .   Q - +2 pair of gloves {archery}
MR       ++...     NoTele   +   P - +1 pair of boots of Sin {MR+ rCorr Int-2}
Stlth    ++++......             L - macabre finger necklace {rN+}
HPRegen  0.27/turn              m - +6 ring of dexterity
MPRegen  0.22/turn              p - +6 ring of intelligence
                                o - +6 ring of intelligence

@: paralysed
A: distributed training, fangs 1, strong nose
a: Heroism, Finesse, Renounce Religion


You were in the Dungeon.
You worshipped Okawaru.
Okawaru was exalted by your worship.
You were not hungry.

You visited 1 branch

Inventory:

Hand Weapons
 a - the +7 Screaming Sword (weapon) {vorpal, sonic wave}
   (You found it in the Dungeon)

   It inflicts extra damage upon your enemies.
 D - a +2 halberd of protection
 H - the +12 scythe "Ceoqiler" {vorpal, MR- Str+9 Stlth+}
   (You found it in the Dungeon)

   It inflicts extra damage upon your enemies.
   It affects your strength (+9).
   It affects your resistance to hostile enchantments.
   It makes you more stealthy.
 J - the +8 mithril axe "Arga" {speed, MR+}
   (Okawaru gifted it to you in the Dungeon)

   Attacks with this weapon are significantly faster.
   It affects your resistance to hostile enchantments.
 K - the cursed +3 broad axe of Strategic Superiority {drain, rN+ Dex+4}
   (You found it in the Dungeon)

   A truly terrible weapon, it drains the life of those it strikes.
   It affects your dexterity (+4).
   It protects you from negative energy.
   It has a curse placed upon it.
Armour
 b - +5 fire dragon scales (worn)
 j - +5 gold dragon scales
 k - the +18 shield of the Gong (worn) {rElec rN+ MR+ EV-5}
   (You found it in the Dungeon)

   It affects your evasion (-5).
   It insulates you from electricity.
   It protects you from negative energy.
   It affects your resistance to hostile enchantments.
 N - a scarf of resistance (worn)
 P - the +1 pair of boots of Sin (worn) {MR+ rCorr Int-2}
   (You found it in the Dungeon)

   It affects your intelligence (-2).
   It affects your resistance to hostile enchantments.
   It provides partial protection from all sources of acid and corrosion.
 Q - a +2 pair of gloves of archery (worn)
Magical Staves
 M - an uncursed staff of conjuration
Jewellery
 l - an uncursed ring of flight
 m - a +6 ring of dexterity (left hand)
 n - a +6 ring of dexterity
 o - a +6 ring of intelligence (on amulet)
 p - a +6 ring of intelligence (right hand)
 q - a +6 ring of strength
 r - a +6 ring of strength
 L - the macabre finger necklace (around neck) {rN+}
   (You found it in the Dungeon)

   [amulet of nothing]

   It protects you from negative energy.
 O - an uncursed ring of fire
Wands
 s - a wand of disintegration (7)
 t - a wand of iceblast (3)
 u - a wand of acid (7)
Scrolls
 i - 4 scrolls of blinking
 y - 4 scrolls of amnesia
 z - 2 scrolls of brand weapon
 C - 7 scrolls of fog
 E - a scroll of identify
 F - 5 scrolls of remove curse
 G - 2 scrolls of fear
Potions
 d - 10 potions of curing
 e - 6 potions of heal wounds
 f - 6 potions of haste
 g - 7 potions of magic
 h - 3 potions of berserk rage
 v - 2 potions of brilliance
 w - a potion of invisibility
 x - 4 potions of resistance
 A - 5 potions of stabbing
 B - 5 potions of might
 I - a potion of mutation
Comestibles
 c - 6 rations


   Skills:
 + Level 12.2 Fighting
 + Level 12.2 Short Blades
 + Level 12.2 Long Blades
 + Level 12.2 Axes
 + Level 12.2 Maces & Flails
 + Level 12.2 Polearms
 + Level 12.2 Staves
 + Level 12.2 Slings
 + Level 12.2 Bows
 + Level 12.2 Crossbows
 + Level 12.2 Throwing
 + Level 12.2 Armour
 + Level 12.9 Dodging
 + Level 12.8 Stealth
 + Level 12.2 Shields
 + Level 12.2 Unarmed Combat
 + Level 13.0 Spellcasting
 + Level 10.6 Conjurations
 + Level 10.4 Hexes
 + Level 10.4 Charms
 + Level 10.4 Summonings
 + Level 10.4 Necromancy
 + Level 10.4 Translocations
 + Level 10.4 Transmutations
 + Level 11.6 Fire Magic
 + Level 10.4 Ice Magic
 + Level 10.4 Air Magic
 + Level 10.4 Earth Magic
 + Level 10.4 Poison Magic
 + Level 13.1 Invocations
 + Level 12.2 Evocations


You had 16 spell levels left.
You knew the following spells:

 Your Spells              Type           Power        Failure   Level  Hunger
a - Foxfire               Conj/Fire      ####         1%          1    None
b - Fireball              Conj/Fire      ######....   4%          5    None
c - Olgreb's Toxic Radia  Pois           ######..     1%          4    None
d - Ignite Poison         Fire/Tmut/Pois ######..     1%          3    None
e - Fire Storm            Conj/Fire      ######....   100%        9    #######

Your spell library contained the following spells:

 Spells                   Type           Power        Failure   Level  Hunger
 Sandblast                Erth           ######       1%          1    None
 Shock                    Conj/Air       ####         1%          1    None
 Sting                    Tmut/Pois      ####         1%          1    None
 Corpse Rot               Necr/Air       N/A          1%          2    None
 Ensorcelled Hibernation  Hex/Ice        ######       1%          2    None
 Passwall                 Tmut/Erth      ######..     1%          2    None
 Sublimation of Blood     Necr           ######....   1%          2    None
 Swiftness                Chrm/Air       ######..     1%          2    None
 Conjure Flame            Conj/Fire      ######..     1%          3    None
 Frozen Ramparts          Ice            ######       1%          3    None
 Gell's Gravitas          Tloc           ######....   1%          3    None
 Inner Flame              Hex/Fire       ######..     1%          3    None
 Portal Projectile        Hex/Tloc       ######       1%          3    None
 Spider Form              Tmut/Pois      ######....   1%          3    None
 Static Discharge         Conj/Air       ######..     1%          3    None
 Airstrike                Air            ######....   1%          4    None
 Dispel Undead            Necr           ######..     1%          4    None
 Petrify                  Tmut/Erth      ######..     1%          4    None
 Sticky Flame             Conj/Fire      ######..     1%          4    None
 Bolt of Magma            Conj/Fire/Erth ######....   4%          5    None
 Lightning Bolt           Conj/Air       ######....   4%          5    None
 Agony                    Necr           ######..     5%          5    None
 Borgnjor's Vile Clutch   Necr/Erth      ######....   5%          5    None
 Excruciating Wounds      Chrm/Necr      ######....   5%          5    None
 Silence                  Hex/Air        ######....   5%          5    None
 Darkness                 Hex            ######....   30%         6    ####...
 Dispersal                Tloc           ######....   30%         6    ####...
 Eringya's Noxious Bog    Tmut/Pois      ######....   30%         6    ####...
 Shadow Creatures         Summ           N/A          30%         6    ####...
 Statue Form              Tmut/Erth      ######...    30%         6    ####...
 Chain Lightning          Conj/Air       ######....   100%        8    #######
 Controlled Blink         Tloc           N/A          100%        8    #######
 Disjunction              Tloc           ######....   100%        8    #######
 Lehudib's Crystal Spear  Conj/Erth      ######....   100%        8    #######
 Absolute Zero            Ice            ######....   100%        9    #######
 Tornado                  Air            ######....   100%        9    #######


Dungeon Overview and Level Annotations

Branches:
Dungeon (1/1)

Altars:
Ashenzari
Cheibriados
Dithmenos
Elyvilon
Fedhas
Gozag
Hepliaklqana
Kikubaaqudgha
Makhleb
Nemelex Xobeh
Okawaru
Qazlal
Ru
Sif Muna
Trog
Uskayaw
Vehumet
Wu Jian
Xom
Yredelemnul
Zin
The Shining One
Beogh
Jiyva
Lugonu


Innate Abilities, Weirdness & Mutations

Your experience applies equally to all skills.
You have very sharp teeth.
Your uncanny sense of smell can sniff out nearby items.


Message History

Unknown command.
You slice the necromancer!!
You kill the necromancer!
Okawaru accepts your kill.
A freezing mist starts to gather...
A necromancer simulacrum comes into view.
You block something's attack.
PTOANNNG!
The skeletal warrior hits you with a +0 hand axe.
* * * LOW HITPOINT WARNING * * *
You hear some strange, mumbled words.
You suddenly lose the ability to move!
Something hits you!
* * * LOW HITPOINT WARNING * * *
Something bites you but does no damage. Something hits you but does no damage.
The skeletal warrior hits you but does no damage.
Something hits you but does no damage. Something hits you.
* * * LOW HITPOINT WARNING * * *
Something bites you!
You die...

∆∆ ▓▓▓▓▓▓▓▓▓▓▓
▓...|}......▓...8©8...▓
▓...........▓..)..)|..▓
▓...........▓...})|...▓
∆
▓...........▓.........▓
∆∆
▓...........▓..).)....▓
▓...Z..{....▓...)))...▓
▓..▓)....▓..▓...).....▓
▓....)@z....▓.▓.....▓.▓
▓....|©.....▓....©....▓
▓▓▓▓▓▓▓▓▓▓▓▓▓▓▓▓▓▓▓▓▓▓▓
▓...8©8...▓...8©8...▓..
▓....))...▓..)[|[=.≈▓..
▓..)).[)..▓≈≈)≈[))≈≈▓..
▓.........▓...≈.≈..≈▓..
▓.........▓≈...)≈).)▓..
▓.........▓≈.≈.)))..▓..


You could see a skeletal warrior and a necromancer simulacrum.

Vanquished Creatures
  A greater mummy (D)
  A merfolk javelineer (D)
  A mummy priest (D)
  A merfolk impaler (D)
  2 merfolk aquamancers (D)
  6 soul eaters (D)
  3 deep elf knights (D)
  A spriggan druid (D)
  A deep elf archer (D)
  A necromancer (D)
  3 deep elf magi (D)
  A water nymph (D)
  A spiny frog (D)
  2 yaktaurs (D)
  A guardian mummy (D)
  14 merfolk (D)
  A hornet (D)
  A snapping turtle (D)
  4 hippogriffs (D)
  Sigmund (D)
  A flying skull (D)
  A shadow (D)
  3 spriggans (D)
  A vampire (D)
  An ushabti (D)
  A water elemental (D)
  A water moccasin (D)
  A black bear (D)
  A necrophage (D)
  5 centaurs (D)
  A wolf (D)
  Blork the orc (D)
  An earth elemental (D)
  2 wights (D)
  Jessica (D)
  4 mummies (D)
  An adder (D)
  A spectral adder (D)
  An adder zombie (D)
  4 ball pythons (D)
  A bat skeleton (D)
  A bat zombie (D)
  A leopard gecko skeleton (D)
  A leopard gecko zombie (D)
  A spectral leopard gecko (D)
85 creatures vanquished.

Notes
Turn   | Place    | Note
-------+----------+-------------------------------------------
     0 | D        | howech the Gnoll Fire Elementalist began the quest for the
                  | Orb.
     0 | D        | Reached XP level 1. HP: 13/13 MP: 6/6
     5 | D        | Found a blossoming altar of Fedhas.
     6 | D        | Found the +6 Majin-Bo {vamp, Archmagi MP+6 Int+6}
     6 | D        | Found the +7 great mace "Firestarter" {inner flame, rF++}
    17 | D        | Found a transporter.
    17 | D        | Found a viscous altar of Jiyva.
    17 | D        | Found an ancient bone altar of Kikubaaqudgha.
    17 | D        | Found a hazy altar of Hepliaklqana.
    17 | D        | Found a corrupted altar of Lugonu.
    17 | D        | Found an opulent altar of Gozag.
    17 | D        | Found a burning altar of Makhleb.
    20 | D        | Found a stormy altar of Qazlal.
    20 | D        | Found an iron altar of Okawaru.
    20 | D        | Found a sacrificial altar of Ru.
    20 | D        | Found a sparkling altar of Nemelex Xobeh.
    20 | D        | Found a shimmering blue altar of Sif Muna.
    20 | D        | Found a bloodstained altar of Trog.
    24 | D        | Found the +9 heavy crossbow "Sniper" {vorpal, Acc+∞ SInv}
    24 | D        | Found the +10 dark maul {vorpal}
    24 | D        | Found the +15 Maxwell's patent armour {-Cast -Tele rElec
                  | MR+ rCorr}
    24 | D        | Found the +18 shield of the Gong {rElec rN+ MR+ EV-5}
    24 | D        | Found the cursed +14 obsidian axe {vorpal, +Fly SInv
                  | *Curse}
    25 | D        | Found the +6 shillelagh "Devastator" {shatter}
    25 | D        | Found the +11 plutonium sword {*Contam Stlth-}
    25 | D        | Found the +8 lance "Wyrmbane" {slay drac, rPois rF+ rC+
                  | AC+3}
    25 | D        | Found the +9 sword of Zonguldrok {reap}
    25 | D        | Found the cursed +13 scythe of Curses {drain, *Curse}
    25 | D        | Found the +0 sword of Power
    25 | D        | Found the +7 mace of Variability {chain chaos}
    25 | D        | Found the +7 Singing Sword {vorpal, sonic wave}
    25 | D        | Found the +8 storm bow {elec, penet}
    52 | D        | Reached skill level 5 in Dodging
    52 | D        | Reached skill level 5 in Spellcasting
    52 | D        | Reached skill level 1 in Hexes
    52 | D        | Reached skill level 1 in Charms
    52 | D        | Reached skill level 1 in Summonings
    52 | D        | Reached skill level 1 in Necromancy
    52 | D        | Reached skill level 1 in Translocations
    52 | D        | Reached skill level 1 in Transmutations
    52 | D        | Reached skill level 1 in Ice Magic
    52 | D        | Reached skill level 1 in Air Magic
    52 | D        | Reached skill level 1 in Earth Magic
    52 | D        | Reached skill level 1 in Poison Magic
    52 | D        | Reached XP level 2. HP: 22/22 MP: 6/8
    60 | D        | Became a worshipper of Warmaster Okawaru
    72 | D        | Entered arena 2.
    72 | D        | Found a transporter.
    89 | D        | Entered arena 3.
    89 | D        | Noticed Sigmund
    89 | D        | Noticed Jessica
    89 | D        | Noticed Blork the orc
    89 | D        | Found a transporter.
    91 | D        | Killed Jessica
    91 | D        | Reached skill level 5 in Stealth
    91 | D        | Reached XP level 3. HP: 28/28 MP: 10/10
    94 | D        | Killed Sigmund
    94 | D        | Reached * piety under Okawaru
    94 | D        | Reached XP level 4. HP: 34/37 MP: 10/12
    94 | D        | Reached XP level 5. HP: 39/42 MP: 11/14
    98 | D        | Killed Blork the orc
    98 | D        | Reached XP level 6. HP: 38/49 MP: 11/15
   126 | D        | Learned a level 5 spell: Fireball
   193 | D        | Entered arena 4.
   193 | D        | Noticed a yaktaur
   193 | D        | Noticed a yaktaur
   193 | D        | Found a transporter.
   198 | D        | Reached skill level 5 in Invocations
   201 | D        | Killed a yaktaur
   201 | D        | Reached ** piety under Okawaru
   201 | D        | Reached skill level 5 in Fighting
   201 | D        | Reached skill level 5 in Short Blades
   201 | D        | Reached skill level 5 in Long Blades
   201 | D        | Reached skill level 5 in Axes
   201 | D        | Reached skill level 5 in Maces & Flails
   201 | D        | Reached skill level 5 in Polearms
   201 | D        | Reached skill level 5 in Staves
   201 | D        | Reached skill level 5 in Slings
   201 | D        | Reached skill level 5 in Bows
   201 | D        | Reached skill level 5 in Crossbows
   201 | D        | Reached skill level 5 in Throwing
   201 | D        | Reached skill level 5 in Armour
   201 | D        | Reached skill level 5 in Shields
   201 | D        | Reached skill level 5 in Unarmed Combat
   201 | D        | Reached skill level 5 in Conjurations
   201 | D        | Reached skill level 5 in Evocations
   201 | D        | Reached XP level 7. HP: 47/56 MP: 15/18
   201 | D        | Killed a yaktaur
   201 | D        | Reached *** piety under Okawaru
   201 | D        | Reached skill level 5 in Hexes
   201 | D        | Reached skill level 5 in Charms
   201 | D        | Reached skill level 5 in Summonings
   201 | D        | Reached skill level 5 in Necromancy
   201 | D        | Reached skill level 5 in Translocations
   201 | D        | Reached skill level 5 in Transmutations
   201 | D        | Reached skill level 5 in Ice Magic
   201 | D        | Reached skill level 5 in Air Magic
   201 | D        | Reached skill level 5 in Earth Magic
   201 | D        | Reached skill level 5 in Poison Magic
   201 | D        | Reached XP level 8. HP: 54/64 MP: 16/20
   221 | D        | Entered arena 5.
   221 | D        | Found a transporter.
   232 | D        | Entered arena 6.
   232 | D        | Noticed a merfolk
   232 | D        | Noticed a merfolk
   232 | D        | Noticed a merfolk
   232 | D        | Noticed a merfolk
   232 | D        | Noticed a merfolk
   232 | D        | Found a transporter.
   233 | D        | Identified the +5 ring mail of Pihisat {rF+ SInv Stlth+}
   234 | D        | Killed a merfolk
   237 | D        | Killed a merfolk
   237 | D        | Killed a merfolk
   237 | D        | Reached **** piety under Okawaru
   237 | D        | Reached XP level 9. HP: 69/72 MP: 21/21
   237 | D        | Killed a merfolk
   244 | D        | Killed a merfolk
   253 | D        | Got the Disquisition on Ice and Poisoning
   258 | D        | Entered arena 7.
   258 | D        | Noticed a merfolk
   258 | D        | Noticed a merfolk
   260 | D        | Found a transporter.
   264 | D        | Received a gift from Okawaru
   273 | D        | Killed a merfolk
   273 | D        | Reached ***** piety under Okawaru
   273 | D        | Received a gift from Okawaru
   274 | D        | Found the +8 mithril axe "Arga" {speed, MR+}
   276 | D        | Killed a merfolk
   289 | D        | Got the cursed +3 broad axe of Strategic Superiority
                  | {drain, rN+ Dex+4}
   349 | D        | Entered arena 8.
   349 | D        | Noticed a spriggan druid
   349 | D        | Noticed a spriggan rider
   358 | D        | Reached XP level 10. HP: 45/80 MP: 21/23
   363 | D        | Paralysed by a hornet for 3 turns
   367 | D        | Killed a spriggan druid
   367 | D        | Reached skill level 10 in Spellcasting
   370 | D        | Found a transporter.
   735 | D        | Learned a level 4 spell: Olgreb's Toxic Radiance
   739 | D        | Learned a level 3 spell: Ignite Poison
   739 | D        | Entered arena 9.
   740 | D        | Identified the +1 hand crossbow "Cinigusu" {vorpal, rElec
                  | rN+ MR+}
   745 | D        | Reached skill level 10 in Dodging
   745 | D        | Reached skill level 10 in Stealth
   746 | D        | Found a transporter.
   751 | D        | Received a gift from Okawaru
   751 | D        | Reached skill level 10 in Invocations
   830 | D        | Entered arena 10.
   830 | D        | Noticed a deep elf knight
   830 | D        | Noticed a deep elf mage
   830 | D        | Noticed a deep elf knight
   830 | D        | Noticed a deep elf mage
   830 | D        | Noticed a deep elf mage
   830 | D        | Noticed a deep elf archer
   830 | D        | Noticed a deep elf knight
   831 | D        | Identified the +4 great sword of Ragnarok {pain, rN+ Int+4}
   833 | D        | Found a transporter.
   834 | D        | Killed a deep elf mage
   834 | D        | Killed a deep elf knight
   834 | D        | Received a gift from Okawaru
   834 | D        | Reached XP level 11. HP: 89/89 MP: 15/25
   834 | D        | Killed a deep elf mage
   834 | D        | Killed a deep elf mage
   834 | D        | Killed a deep elf knight
   834 | D        | Killed a deep elf archer
   834 | D        | Reached skill level 10 in Fighting
   834 | D        | Reached skill level 10 in Short Blades
   834 | D        | Reached skill level 10 in Long Blades
   834 | D        | Reached skill level 10 in Axes
   834 | D        | Reached skill level 10 in Maces & Flails
   834 | D        | Reached skill level 10 in Polearms
   834 | D        | Reached skill level 10 in Staves
   834 | D        | Reached skill level 10 in Slings
   834 | D        | Reached skill level 10 in Bows
   834 | D        | Reached skill level 10 in Crossbows
   834 | D        | Reached skill level 10 in Throwing
   834 | D        | Reached skill level 10 in Armour
   834 | D        | Reached skill level 10 in Shields
   834 | D        | Reached skill level 10 in Unarmed Combat
   834 | D        | Reached skill level 10 in Fire Magic
   834 | D        | Reached skill level 10 in Evocations
   839 | D        | Killed a deep elf knight
   987 | D        | Entered arena 11.
   987 | D        | Noticed a greater mummy
   987 | D        | Noticed a mummy priest
   991 | D        | Found a transporter.
  1004 | D        | Noticed a sun demon
  1004 | D        | Killed a mummy priest
  1016 | D        | Killed a greater mummy
  1016 | D        | Received a gift from Okawaru
  1016 | D        | Reached ****** piety under Okawaru
  1016 | D        | Received a gift from Okawaru
  1016 | D        | Received a gift from Okawaru
  1016 | D        | Received a gift from Okawaru
  1016 | D        | Reached XP level 12. HP: 47/100 MP: 13/28
  1167 | D        | Got the +12 scythe "Ceoqiler" {vorpal, MR- Str+9 Stlth+}
  1177 | D        | Entered arena 12.
  1177 | D        | Noticed a merfolk impaler
  1178 | D        | Found the +3 giant club "Skullcrusher" {speed, Str+7}
  1179 | D        | Noticed a merfolk aquamancer
  1179 | D        | Noticed a merfolk javelineer
  1179 | D        | Noticed a merfolk aquamancer
  1179 | D        | Identified the +7 mace "Kydeippirch" {antimagic, rF+ rC+
                  | Int+2}
  1183 | D        | Killed a merfolk aquamancer
  1183 | D        | Received a gift from Okawaru
  1186 | D        | Reached skill level 10 in Conjurations
  1186 | D        | Killed a merfolk aquamancer
  1190 | D        | Killed a merfolk javelineer
  1198 | D        | Killed a merfolk impaler
  1198 | D        | Reached skill level 10 in Hexes
  1198 | D        | Reached skill level 10 in Charms
  1198 | D        | Reached skill level 10 in Summonings
  1198 | D        | Reached skill level 10 in Necromancy
  1198 | D        | Reached skill level 10 in Translocations
  1198 | D        | Reached skill level 10 in Transmutations
  1198 | D        | Reached skill level 10 in Ice Magic
  1198 | D        | Reached skill level 10 in Air Magic
  1198 | D        | Reached skill level 10 in Earth Magic
  1198 | D        | Reached skill level 10 in Poison Magic
  1204 | D        | Got a fading scale mail {god gift}
  1205 | D        | Identified the +0 scale mail "Putriros" {Int+5 Dex+3}
                  | (Okawaru gifted it to you in the Dungeon)
  1213 | D        | Got the +1 pair of boots of Sin {MR+ rCorr Int-2}
  1460 | D        | Learned a level 9 spell: Fire Storm
  1460 | D        | Entered arena 13.
  1460 | D        | Noticed a soul eater
  1460 | D        | Noticed a soul eater
  1460 | D        | Noticed a soul eater
  1461 | D        | Noticed a soul eater
  1461 | D        | Noticed a soul eater
  1461 | D        | Noticed a soul eater
  1462 | D        | Found the macabre finger necklace {rN+}
  1465 | D        | Killed a soul eater
  1466 | D        | Killed a soul eater
  1466 | D        | Killed a soul eater
  1467 | D        | Found a transporter.
  1473 | D        | Killed a soul eater
  1473 | D        | Killed a soul eater
  1473 | D        | Killed a soul eater
  1479 | D        | Got Zeqekh's Papyrus of Vitriolic Flight
  1483 | D        | Got the Tome of the Cloudy Rocks
  1601 | D        | Entered arena 14.
  1601 | D        | Noticed a vampire mage
  1601 | D        | Noticed a vampire knight
  1603 | D        | Reached XP level 13. HP: 108/108 MP: 29/29
  1605 | D        | Identified the cursed +3 fustibalus of Nathrake {venom,
                  | +Blink rPois rN+ MR- Dex+2}
  1615 | D        | Paralysed by something for 4 turns
  1616 | D        | HP: 5/107 [something (15)]
  1617 | D        | HP: 1/107 [something (4)]
  1617 | D        | Mangled by a vampire knight

Illustrated notes

Levels and vault maps discovered:
D:        sprint_v [room_start, room_1, room_2, room_3, room_4, room_5, room_6,
          room_7, room_8, room_9, room_10, room_11, room_12, room_13, room_14,
          room_15, room_16, room_17, room_18, room_19, room_20, room_21,
          room_22, room_23, room_24, room_25, room_26, room_27]

Skill      XL: |  1  2  3  4  5  6  7  8  9 10 11 12 13 |
---------------+----------------------------------------+-----
Fighting       | 2 4 5 6 7 8 9 11 12 | 12.2
Short Blades   | 2 4 5 6 7 8 9 11 12 | 12.2
Long Blades    | 2 4 5 6 7 8 9 11 12 | 12.2
Axes           | 2 4 5 6 7 8 9 11 12 | 12.2
Maces & Flails | 2 4 5 6 7 8 9 11 12 | 12.2
Polearms       | 2 4 5 6 7 8 9 11 12 | 12.2
Staves         | 2 4 5 6 7 8 9 11 12 | 12.2
Slings         | 2 4 5 6 7 8 9 11 12 | 12.2
Bows           | 2 4 5 6 7 8 9 11 12 | 12.2
Crossbows      | 2 4 5 6 7 8 9 11 12 | 12.2
Throwing       | 2 4 5 6 7 8 9 11 12 | 12.2
Armour         | 2 4 5 6 7 8 9 11 12 | 12.2
Dodging        | 5 6 7 8 9 10 11 12 | 12.9
Shields        | 2 4 5 6 7 8 9 11 12 | 12.2
Unarmed Combat | 2 4 5 6 7 8 9 11 12 | 12.2
Spellcasting   | 5 6 7 8 9 10 12 13 | 13.0
Conjurations   | 2 3 4 5 6 7 8 9 10 | 10.6
Hexes          | 1 2 3 4 5 6 7 9 10 | 10.4
Charms         | 1 2 3 4 5 6 7 9 10 | 10.4
Summonings     | 1 2 3 4 5 6 7 9 10 | 10.4
Necromancy     | 1 2 3 4 5 6 7 9 10 | 10.4
Translocations | 1 2 3 4 5 6 7 9 10 | 10.4
Transmutations | 1 2 3 4 5 6 7 9 10 | 10.4
Ice Magic      | 1 2 3 4 5 6 7 9 10 | 10.4
Air Magic      | 1 2 3 4 5 6 7 9 10 | 10.4
Earth Magic    | 1 2 3 4 5 6 7 9 10 | 10.4
Poison Magic   | 1 2 3 4 5 6 7 9 10 | 10.4
Invocations    | 2 3 4 6 7 9 10 12 13 | 13.1
Evocations     | 2 4 5 6 7 8 9 11 12 | 12.2
Stealth        | 5 6 7 8 9 10 11 12 | 12.8
Fire Magic     | 6 7 8 9 10 11 | 11.6

Action                   |  1- 3 |  4- 6 |  7- 9 | 10-12 | 13-15 || total
-------------------------+-------+-------+-------+-------+-------++-------
Melee: Double sword      |     4 |     9 |    23 |    57 |    11 ||   104
       Bite              |       |     1 |     3 |    12 |     1 ||    17
 Cast: Olgreb's Toxic Ra |       |       |       |     3 |       ||     3
       Ignite Poison     |       |       |       |     4 |       ||     4
       Fireball          |       |       |       |     5 |       ||     5
Invok: Heroism           |       |     1 |     2 |     4 |       ||     7
Evoke: Wand              |     1 |       |     3 |       |       ||     4
  Use: Potion            |     2 |       |       |     6 |       ||     8
       Scroll            |       |       |       |     5 |       ||     5
  Eat: Ration            |       |       |       |     1 |       ||     1
Armor: Fire dragon scale |     1 |     2 |     7 |     8 |    14 ||    32
Dodge: Dodged            |       |       |     8 |    10 |     5 ||    23
Block: Kite shield       |     5 |    22 |    52 |    65 |    25 ||   169
       Rpst.: Double sword |       |       |     1 |     1 |       ||     2
